 Dungeon Crawl Stone Soup version 0.30-a0-883-g5ad918d77d (webtiles) character file.

Game seed: 10879036089341366996

2609 Axe the Cleaver (level 9, -1/73 (79) HPs)
             Began as a Hill Orc Fighter on Mar 16, 2023.
             Slain by an orc warrior
             ... wielding a +0 halberd of electrocution
              (13 damage)
             ... in a bailey.
             The game lasted 00:12:59 (6857 turns).

Axe the Cleaver (Hill Orc Fighter)                  Turns: 6857, Time: 00:12:59

HP:   -1/73 (79)    AC: 13    Str: 29    XL:     9   Next: 59%
MP:   9/9           EV:  9    Int:  8    God:
Gold: 521           SH:  5    Dex: 10    Spells: 8/8 levels left

rFire   . . .      SeeInvis +    u - +2 war axe
rCold   + . .      Faith    .    c - +0 buckler
rNeg    . . .      Spirit   .    d - +3 chain mail {rC+}
rPois   .          Reflect  .    (helmet restricted)
rElec   .          Rampage  .    (no cloak)
rCorr   .                        (no gloves)
Will    +....                    (no boots) Stlth
                                 (no amulet)
HPRegen 0.32/turn                e - +6 ring of strength
MPRegen 0.11/turn                g - ring of see invisible

@: mighty, about to teleport, drained
A: antennae 1, talons 1, strong-willed 1
a: no special abilities


You were in a bailey.
You visited 1 branch of the dungeon, and saw 7 of its levels.
You also visited: Sewer and Bailey.

You collected 521 gold pieces.

Inventory:

Hand Weapons
 u - a +2 war axe (weapon)
Missiles
 a - 6 silver javelins
 r - 2 boomerangs (quivered)
 x - 2 throwing nets
Armour
 c - a +0 buckler (worn)
 d - a +3 chain mail of cold resistance (worn)
 s - a +0 helmet
Jewellery
 e - a +6 ring of strength (left hand)
 g - a ring of see invisible (right hand)
 n - a ring of positive energy
 C - a ring of protection from cold
Wands
 f - a wand of flame (14)
 m - a wand of polymorph (22)
Scrolls
 j - 2 scrolls of teleportation
 k - 8 scrolls of identify
 p - a scroll of fear
 t - 2 scrolls of noise
 w - a scroll of amnesia
 y - a scroll of enchant weapon
Potions
 b - 2 potions of haste {unknown}
 h - a potion of invisibility {unknown}
 i - 3 potions of heal wounds {unknown}
 l - a potion of mutation
 q - 2 potions of curing
 v - 2 potions of cancellation {unknown}
 z - 2 potions of attraction {unknown}
 A - 2 potions of lignification {unknown}
 B - 2 potions of brilliance {unknown}
 D - a potion of magic {unknown}


   Skills:
 + Level 7.2 Fighting
 * Level 10.1 Axes
 + Level 6.5 Armour
 + Level 4.1 Dodging
 + Level 6.5 Shields


You had 8 spell levels left.
You didn't know any spells.
Your spell library contained the following spells:

 Spells                   Type           Power      Damage    Failure   Level
 Freeze                   Ice            0%         1d3       95%         1
 Scorch                   Fire           0%         2d5       98%         2
 Frozen Ramparts          Ice            0%         1d1       100%        3
 Gell's Gravitas          Tloc           0%         N/A       100%        3
 Hailstorm                Conj/Ice       0%         3d3       100%        3
 Ignite Poison            Fire/Tmut/Pois 0%         N/A       100%        3
 Inner Flame              Hex/Fire       0%         N/A       100%        3
 Kindle Blastsparks       Fire/Tloc/Air  0%         2d10      100%        3
 Stone Arrow              Conj/Erth      0%         3d7       100%        3
 Teleport Other           Tloc           0%         N/A       100%        3
 Animate Armour           Summ/Erth      0%         N/A       100%        4
 Flame Wave               Conj/Fire      0%         2d4       100%        4
 Sticky Flame             Conj/Fire      0%         2d3       100%        4
 Freezing Cloud           Conj/Ice/Air   0%         6-21      100%        5
 Dispersal                Tloc           0%         N/A       100%        6
 Summon Cactus Giant      Summ           0%         N/A       100%        6
 Lehudib's Crystal Spear  Conj/Erth      0%         10d2      100%        8


Dungeon Overview and Level Annotations

Branches:
Dungeon (7/15)              Sewer (visited)          Bailey (1/1)
 Temple: D:4-7

Altars:
Gozag
Sif Muna
Trog

Shops:
D:6 *


Innate Abilities, Weirdness & Mutations

You have a pair of small antennae on your head.
You have sharp toenails.
You are strong-willed. (Will+)


Message History

The gnoll hits you but does no damage.
You slice the gnoll!!
You kill the gnoll!
The gnoll hits you from afar with a +2 halberd of electrocution.
You block the gnoll's attack. The gnoll hits you but does no damage.
You are electrocuted!
There is an open door here.
Things that are here:
a +2 halberd of electrocution; a gnoll corpse You barely miss the gnoll.
Your kick misses the gnoll. You block the gnoll's attack.
The gnoll closely misses you.
You slice the gnoll!!
You kill the gnoll!
You block the gnoll's attack.
The orc warrior hits you from afar with a +0 halberd of electrocution!
You block the gnoll's attack.
Things that are here:
a +2 halberd of electrocution; a +1 halberd of draining; a gnoll corpse You slash the gnoll!
The gnoll is severely wounded.
The orc warrior hits you from afar with a +0 halberd of electrocution!
* * * LOW HITPOINT WARNING * * *
The gnoll barely misses you.
You slash the gnoll!
You kill the gnoll!
The orc warrior hits you from afar with a +0 halberd of electrocution!
* * * LOW HITPOINT WARNING * * *
Okay, then.
As you read the scroll of teleportation, it crumbles to dust.
You feel strangely unstable. The orc warrior barely misses you.
There is an open door here.
Things that are here:
a +2 halberd of electrocution; a gnoll corpse Your surroundings seem slightly different.
As you read the scroll of teleportation, it crumbles to dust.
You feel strangely unstable. You block the orc warrior's attack.
The orc warrior hits you from afar with a +0 halberd of electrocution.
* * * LOW HITPOINT WARNING * * *
You are electrocuted!
You die...

##### ### ##
#.))###.# #.#
#'###)##'##'# o!#
##.....# !.!o
###.....### +!.⌠.
#.'..o..'.# #.!.g
###.....### #!.!
##....@## +##+
+###'##'##'##
#.#.###.###.# # ###
##### ### #)#
)###)###.#)###)###)#
#'##'##+###'##'##'##
##.....## ##.....##
##.....#####.....###
.'..∩..')#.'..⌠..'.#


You could see an orc warrior.

Vanquished Creatures
  Pikel (D:4)
  Sigmund (D:2)
  An orc warrior (D:6)
  2 ogres (D:4)
  2 phantoms (D:5)
  2 kobold brigands (Sewer)
  4 scorpions
  3 wights (D:6)
  An orc priest (D:6)
  3 hounds
  An iguana (D:6)
  Jessica (D:2)
  3 sleepcaps (D:5)
  Natasha (thrice) (D:4)
  Terence (D:2)
  5 orc wizards
  Robin (D:3)
  14 gnolls
  11 adders
  15 river rats
  3 worms
  3 dart slugs
  24 orcs
  5 bats
  13 endoplasms
  3 giant cockroaches
  10 hobgoblins
  2 jackals (Sewer)
  9 quokkas
  12 ball pythons
  4 frilled lizards
  24 goblins
  13 kobolds
  25 rats
225 creatures vanquished.

Vanquished Creatures (others)
  17 plants (Sewer)
17 creatures vanquished.

Grand Total: 242 creatures vanquished

Notes
Turn   | Place    | Note
-------+----------+-------------------------------------------
     0 | D:1      | Axe the Hill Orc Fighter began the quest for the Orb.
     0 | D:1      | Reached XP level 1. HP: 19/19 MP: 1/1
    82 | D:1      | Reached skill level 3 in Axes
    82 | D:1      | Reached XP level 2. HP: 25/27 MP: 2/2
   166 | D:1      | Reached XP level 3. HP: 12/33 MP: 3/3
   524 | D:2      | Noticed Terence
   535 | D:2      | Killed Terence
   536 | D:2      | Reached XP level 4. HP: 17/40 MP: 4/4
   587 | D:2      | Reached skill level 4 in Axes
   752 | D:2      | Noticed Sigmund
   758 | D:2      | Killed Sigmund
   759 | D:2      | Reached skill level 5 in Axes
   759 | D:2      | Reached skill level 1 in Dodging
   759 | D:2      | Reached XP level 5. HP: 34/47 MP: 5/5
   759 | D:2      | Reached XP level 6. HP: 38/53 MP: 6/6
   849 | D:2      | Noticed Jessica
   857 | D:2      | Killed Jessica
  1258 | D:3      | Noticed Robin
  1393 | D:3      | Killed Robin
  1583 | D:3      | You fall into a shaft and drop 2 floors!
  1583 | D:5      | Entered Level 5 of the Dungeon
  1909 | D:5      | Reached XP level 7. HP: 43/60 MP: 7/7
  1978 | D:5      | Reached skill level 5 in Fighting
  1982 | D:5      | Reached skill level 6 in Axes
  2765 | D:5      | Reached skill level 7 in Axes
  2765 | D:5      | Reached skill level 5 in Armour
  2765 | D:5      | Reached skill level 5 in Shields
  2776 | D:4      | Reached XP level 8. HP: 69/69 MP: 8/8
  2863 | D:4      | Noticed Natasha
  2874 | D:4      | Killed Natasha
  2887 | D:4      | Noticed Natasha
  2891 | D:4      | Killed Natasha
  3234 | D:4      | Reached skill level 8 in Axes
  3332 | D:4      | Noticed Pikel
  3335 | D:4      | Gained mutation: You have sharp toenails. [potion of
                  | mutation]
  3335 | D:4      | Gained mutation: You are strong-willed. (Will+) [potion of
                  | mutation]
  3335 | D:4      | Gained mutation: You have a pair of small antennae on your
                  | head. [potion of mutation]
  3340 | D:4      | Killed Pikel
  3399 | D:4      | Noticed Natasha
  3406 | D:4      | Killed Natasha
  3407 | D:4      | Reached XP level 9. HP: 63/78 MP: 9/9
  3462 | D:4      | Reached skill level 9 in Axes
  3795 | D:3      | Found a faded altar of an unknown god.
  4451 | D:6      | Found a glowing drain.
  4461 | Sewer    | Entered a sewer
  5492 | D:6      | Found an opulent altar of Gozag.
  5709 | D:6      | Found a shimmering blue altar of Sif Muna.
  5710 | D:6      | Found a bloodstained altar of Trog.
  5849 | D:6      | Reached skill level 10 in Axes
  5909 | D:6      | Found Emud's Fire Supplies.
  6242 | D:7      | Found a flagged portal.
  6260 | Bailey   | Entered a bailey
  6857 | Bailey   | Slain by an orc warrior

Illustrated notes

Levels and vault maps discovered:
D:1:      ebering_trefoil_3fold, layout_rooms, chequers_garden
D:2:      layout_loops_cross, uniq_terence, uniq_sigmund, uniq_jessica
D:3:      layout_basic, shapermc_ecumenical_altar_mp_highgroup,
          nicolae_concentric_dashed_squares_wild, dk_noncrumbling_4, uniq_robin
D:4:      layout_loops_ring, minmay_starry_boxes, uniq_natasha, uniq_pikel
D:5:      lemuel_ratsnest, layout_loops_ring, minmay_door_square,
          serial_park_tiny_pond
D:6:      layout_loops_ring, chequers_temple_overflow_statue_of_worship,
          portal_sewer_entry_e, nicolae_benzene_ring, nicolae_shop_fire_sale
          [nicolae_sub_dead_trees], kennysheep_generic_room_15
D:7:      minmay_clustersquares, layout_gridville,
          minmay_temple_entry_metal_lava, enter_bailey_5
Bailey:   bailey_polearm_nasty_gnolls, bailey

Skill      XL: |  1  2  3  4  5  6  7  8  9 |
---------------+----------------------------+-----
Axes           | 3 5 7 8 10 | 10.1
Fighting       | 4 5 6 7 |  7.2
Armour         | 4 5 6 |  6.5
Dodging        | 1 2 3 4 |  4.1
Shields        | 4 5 6 |  6.5

Action                     |  1- 3 |  4- 6 |  7- 9 || total
---------------------------+-------+-------+-------++-------
  Melee: War axe           |    74 |   113 |   334 ||   521
         Unarmed           |       |     8 |       ||     8
         Kick              |       |       |    56 ||    56
  Throw: Boomerang         |       |     1 |    17 ||    18
    Use: Potion            |     1 |       |     3 ||     4
         Scroll            |       |       |    13 ||    13
 Armour: Scale mail        |    46 |       |       ||    46
         Chain mail        |       |    64 |   162 ||   226
         Skin              |       |     4 |       ||     4
  Dodge: Dodged            |    32 |    59 |   127 ||   218
  Block: Buckler           |    17 |    26 |    71 ||   114

Table legend: (Time is in decaauts)
 A = Elapsed time spent in this place.
 B = Non-inter-level travel time spent in this place.
 C = Inter-level travel time spent in this place.
 D = Time resting spent in this place.
 E = Time spent auto-exploring this place.
 F = Levels seen in this place.
 G = Mean time per level.
                   A        B        C        D        E       F      G
               +--------+--------+--------+--------+--------+-----+--------+
         Total |   7103 |   6928 |    175 |   1788 |   3500 |   9 |  789.2 |
       Dungeon |   5524 |   5349 |    175 |   1098 |   3076 |   7 |  789.1 |
         Sewer |    981 |    981 |      0 |    311 |    423 |   1 |  981.0 |
        Bailey |    598 |    598 |      0 |    379 |      0 |   1 |  598.0 |
               +--------+--------+--------+--------+--------+-----+--------+

Top non-repeatable levels by time:
     D:5: 1212 daAuts
     D:6: 1133 daAuts
     D:4: 1061 daAuts
   Sewer: 981 daAuts
     D:2: 885 daAuts
     D:3: 607 daAuts
  Bailey: 598 daAuts
     D:1: 539 daAuts
     D:7: 83 daAuts
